 Dungeon Crawl Stone Soup version 0.30.0-5-g1a98f26d00 (webtiles) character file.

Game seed: 17167617070318071275

25 Demosthentine the Ducker (level 2, -5/23 HPs)
             Began as a Demonspawn Gladiator on May 10, 2023.
             Slain by Terence
             ... wielding a +0 flail
              (7 damage)
             ... on level 2 of the Dungeon.
             The game lasted 00:00:49 (1122 turns).

Demosthentine the Ducker (Demonspawn Gladiator)     Turns: 1122, Time: 00:00:50

Health: -5/23      AC:  4    Str: 14    XL:     2   Next: 86%
Magic:  2/2        EV: 12    Int:  9    God:
Gold:   58         SH:  0    Dex: 14    Spells: 1/1 levels left

rFire   . . .        a - +0 trident
rCold   . . .        (no shield)
rNeg    . . .        b - +0 leather armour
rPois   .            c - +0 helmet
rElec   .            (no cloak)
rCorr   .            (no gloves)
SInv    .            (no boots)
Will    .....        (no amulet)
Stlth   +            (no ring)
HPRegen 0.23/turn    (no ring)
MPRegen 0.08/turn

%: no passive effects
@: mighty, invisible
A: demonic magic 1
a: no special abilities


You were on level 2 of the Dungeon.
You visited 1 branch of the dungeon, and saw 2 of its levels.

You collected 58 gold pieces.

Inventory:

Hand Weapons
 a - a +0 trident (weapon)
Missiles
 d - 3 throwing nets (quivered)
 e - a javelin
 i - 5 poisoned darts
Armour
 b - a +0 leather armour (worn)
 c - a +0 helmet (worn)
Scrolls
 k - a scroll of fog {unknown}
 l - a scroll of enchant weapon {unknown}
 m - a scroll of noise {unknown}
Potions
 f - a potion of invisibility
 h - a potion of mutation {unknown}
 j - 2 potions of curing {unknown}


   Skills:
 + Level 2.4 Fighting
 + Level 3.0 Polearms
 - Level 1.7 Throwing
 + Level 1.0 Armour
 + Level 3.0 Dodging


You had one spell level left.
You didn't know any spells.
Your spell library contained the following spells:

 Spells                   Type           Power      Damage    Failure   Level
 Blink                    Tloc           0%         N/A       58%         2
 Lesser Beckoning         Tloc           0%         N/A       58%         2
 Momentum Strike          Conj/Tloc      0%         3d8       58%         2


Dungeon Overview and Level Annotations

Branches:
Dungeon (2/15)

Altars:

Annotations:
D:2 Terence


Innate Abilities, Weirdness & Mutations

Spells you cast may paralyse adjacent enemies.


Message History

There are monsters nearby!
You closely miss the hobgoblin.
The hobgoblin is severely wounded.
The bat hits you.
Terence screams, "I'm going to kill you!"
Terence hits you but does no damage.
There are monsters nearby!
You hit the hobgoblin but do no damage.
The hobgoblin is severely wounded.
The bat hits you.
An adder comes into view.
The goblin hits you but does no damage. Terence hits you with a +0 flail.
The hobgoblin hits you.
A frilled lizard comes into view.
Terence attacks as you move away! Terence hits you with a +0 flail.
The adder hisses angrily.
The bat misses you. The bat hits you but does no damage.
The hobgoblin attacks as you move away! The hobgoblin misses you.
The bat hits you but does no damage.
You see here a ball python corpse.
The bat barely misses you. The hobgoblin attacks as you move away!
The hobgoblin hits you but does no damage.
The bat hits you. The bat misses you. The bat barely misses you.
The bat hits you but does no damage. The bat misses you.
The bat attacks as you move away! The bat barely misses you.
Terence attacks as you move away! Terence hits you with a +0 flail.
The bat misses you. The bat barely misses you.
Terence attacks as you move away! Terence hits you with a +0 flail!
* * * LOW HITPOINT WARNING * * *
It was a potion of invisibility.
You fade into invisibility!
Terence closely misses you.
It was a potion of might.
You feel very mighty all of a sudden. Terence hits you with a +0 flail!
You die...

.#######..###.####..#
#####. #.## ##..##..#
#. #..###.#.##..####
#. #.#.#.##........#
#. #.##........<##.#
#. #.#########.## #
#. #.####### #.# #.
#.......# #.# #.
#.#####@# #.# #. #.#
#@# #.# #. #.#
#g###.# #. #.#
##gS...### #. #.#
#.g......# #### #.
#.# #...####... ..#
#. #.# #...# .## #.#
#. #...##
#.##.##.###. #....#
............


You could see Terence (unable to see you), an adder (unable to see you), 2
hobgoblins and a goblin (unable to see you).

Vanquished Creatures
  3 ball pythons
  3 endoplasms (D:1)
  2 giant cockroaches (D:1)
  4 goblins (D:1)
  2 hobgoblins (D:1)
  3 quokkas
  A bat (D:2)
  2 frilled lizards (D:1)
  A kobold (D:1)
  A rat (D:1)
22 creatures vanquished.

Notes
Turn   | Place    | Note
-------+----------+-------------------------------------------
     0 | D:1      | Demosthentine the Demonspawn Gladiator began the quest for
                  | the Orb.
     0 | D:1      | Reached XP level 1. HP: 16/16 MP: 1/1
   245 | D:1      | Gained mutation: Spells you cast may paralyse adjacent
                  | enemies. [demonic ancestry]
   245 | D:1      | Reached XP level 2. HP: 22/22 MP: 2/2
  1024 | D:2      | Reached skill level 1 in Armour
  1104 | D:2      | Noticed Terence
  1120 | D:2      | HP: 1/23 [Terence/+0 flail (7)]
  1122 | D:2      | Slain by Terence

Illustrated notes

Levels and vault maps discovered:
D:1:      minmay_arrival_hallway, layout_basic
D:2:      layout_loops_ring, basic_altar, minmay_misc_feat_columns,
          minmay_hexomino_p4, uniq_terence

Skill      XL: |  1  2 |
---------------+-------+-----
Dodging        | 3 |  3.0
Armour         | 1 |  1.0
Polearms       | 3 |  3.0
Fighting       | |  2.4
Throwing       | |  1.7

Action                     || total
---------------------------++-------
  Melee: Trident           ||    67
    Use: Potion            ||     2
   Stab: Sleeping          ||     1
 Armour: Leather armour    ||    25
  Dodge: Dodged            ||    43
